 Dungeon Crawl Stone Soup version 0.32-a0-918-g0f22ef8d61 (webtiles) character file.

Game seed: 16680187489303686907

106 ragingrage the Shooter (level 4, -7/33 HPs)
             Began as a Coglin Hunter on Apr 11, 2024.
             Mangled by a gnoll
             ... wielding a +0 halberd
              (9 damage)
             ... on level 2 of the Dungeon.
             The game lasted 00:00:53 (1184 turns).

ragingrage the Shooter (Coglin Hunter)              Turns: 1184, Time: 00:00:53

Health: -7/33      AC:  3    Str: 11    XL:     4   Next: 84%
Magic:  4/4        EV: 11    Int:  8    God:
Gold:   83         SH:  0    Dex: 20    Spells: 3/3 levels left

rFire   . . .        a - +2 sling {Balvinder}
rCold   . . .        d - +0 sling {Minjee}
rNeg    . . .        c - +0 leather armour
rPois   .            (no helmet)
rElec   .            (no cloak)
rCorr   .            (no gloves)
SInv    .            (no boots)
Will    .....        (amulet unavailable)
Stlth   ++           (ring unavailable)
HPRegen 0.25/turn    (ring unavailable)
MPRegen 0.09/turn    (no gizmo)

%: no passive effects
@: no status effects
A: off-hand wielding, slow wielding, warmup strikes, no jewellery
a: Invent Gizmo


You were on level 2 of the Dungeon.
You visited 1 branch of the dungeon, and saw 3 of its levels.

You collected 83 gold pieces.

Inventory:

Hand Weapons
 a - a +2 sling (weapon) {Balvinder}
 d - a +0 sling (offhand) {Minjee}
 e - a +2 short sword of venom
Armour
 c - a +0 leather armour (worn)
Scrolls
 b - a scroll of butterflies
 g - 2 scrolls of identify {unknown}
 h - a scroll of noise {unknown}
Potions
 f - 3 potions of enlightenment {unknown}
 i - a potion of heal wounds {unknown}
 j - a potion of degeneration {unknown}
 k - a potion of cancellation {unknown}
 l - a potion of might {unknown}


   Skills:
 - Level 2.0 Fighting
 + Level 5.1 Ranged Weapons
 - Level 1.7 Dodging
 - Level 2.0 Stealth


You had 3 spell levels left.
You didn't know any spells.
Your spell library contained the following spells:

 Spells                   Type           Power      Damage    Failure   Level
 Jinxbite                 Hex            0%         N/A       65%         2
 Yara's Violent Unravell  Hex/Alch       0%         3d3       100%        5
 Enfeeble                 Hex            0%         N/A       100%        7


Dungeon Overview and Level Annotations

Branches:
Dungeon (3/15)

Altars:
Elyvilon


Innate Abilities, Weirdness & Mutations

You can wield a second weapon in your off-hand.
It takes a long time for you to wield or remove held weapons.
Your first few attacks do less damage.
You cannot equip rings or amulets.


Message History

A gnoll is nearby!
A gnoll is nearby!
You shoot a sling bullet.
The sling bullet barely misses the gnoll.
You shoot a sling bullet. The sling bullet hits the gnoll.
You shoot a sling bullet. The sling bullet hits the gnoll.
You shoot a sling bullet.
The sling bullet barely misses the gnoll.
You shoot a sling bullet. The sling bullet hits the gnoll.
You shoot a sling bullet. The sling bullet hits the gnoll.
You shoot a sling bullet. The sling bullet hits the gnoll.
You kill the gnoll!
You shoot a sling bullet. The sling bullet hits the gnoll.
Your Ranged Weapons skill increases to level 5!
You shoot a sling bullet.
The sling bullet barely misses the gnoll.
You shoot a sling bullet.
The sling bullet barely misses the gnoll.
You shoot a sling bullet. The sling bullet hits the gnoll!
You shoot a sling bullet. The sling bullet hits the gnoll.
You kill the gnoll!
You climb upwards.
There is a stone staircase leading down here.
No target in view!
There is a stone staircase leading down here.
You climb downwards.
The gnoll shouts! x3; You hear a loud squeak.
The gnoll shouts!
There is a stone staircase leading up here.
Unknown command.
There are monsters nearby!
The gnoll closely misses you. The gnoll hits you with a +0 spear.
The gnoll hits you from afar with a +0 spear. x2
You climb upwards.
There is a stone staircase leading down here.
The gnoll barely misses you.
The gnoll hits you from afar with a +0 spear.
The gnoll hits you with a +0 halberd!
* * * LOW HITPOINT WARNING * * *
The gnoll hits you from afar with a +0 halberd!
You die...

##.......^...>.###
.>.#...#######...####
.##..###########....#
................###.#####
....##..................##
..................)......#
........###.#######.######
####....###.#######.#
####......g..@.<.#
######.###....g.....#
#......†.##..<......#
..######.##.#######.#
#..............# #.#
..########.<.#.####.# ..#
#..........# ..#
###..####..# ###
#........###


You could see 2 gnolls.

Vanquished Creatures
  2 gnolls (D:3)
  2 adders (D:2)
  3 dart slugs
  2 orcs (D:3)
  5 bats
  10 endoplasms
  2 giant cockroaches
  2 hobgoblins
  A quokka (D:3)
  6 ball pythons
  A frilled lizard (D:3)
  6 goblins
  7 kobolds (D:1)
  8 rats
57 creatures vanquished.

Notes
Turn   | Place    | Note
-------+----------+-------------------------------------------
     0 | D:1      | ragingrage the Coglin Hunter began the quest for the Orb.
     0 | D:1      | Reached XP level 1. HP: 16/16 MP: 1/1
    37 | D:1      | Reached skill level 1 in Stealth
    51 | D:1      | Reached XP level 2. HP: 22/22 MP: 2/2
   169 | D:1      | Reached skill level 4 in Ranged Weapons
   199 | D:1      | Reached XP level 3. HP: 27/27 MP: 3/3
   524 | D:2      | Found a white marble altar of Elyvilon.
   745 | D:2      | Reached XP level 4. HP: 33/33 MP: 4/4
  1163 | D:3      | Reached skill level 5 in Ranged Weapons
  1184 | D:2      | Mangled by a gnoll

Illustrated notes

Levels and vault maps discovered:
D:1:      eino_arrival_water_cross, layout_rooms, minmay_misc_feat_four_crosses,
          minmay_tree_intersection, dk_noncrumbling_2
D:2:      layout_rooms, basic_altar
D:3:      layout_loops_ring, uniq_ijyb

Skill      XL: |  1  2  3  4 |
---------------+-------------+-----
Stealth        | 1 2 |  2.0
Ranged Weapons | 4 5 |  5.1
Fighting       | |  2.0
Dodging        | |  1.7

Action                     |  1- 3 |  4- 6 || total
---------------------------+-------+-------++-------
   Fire: Sling             |   146 |    66 ||   212
 Armour: Leather armour    |     4 |    14 ||    18
  Dodge: Dodged            |     7 |     8 ||    15

Table legend: (Time is in decaauts)
 A = Elapsed time spent in this place.
 B = Non-inter-level travel time spent in this place.
 C = Inter-level travel time spent in this place.
 D = Time resting spent in this place.
 E = Time spent auto-exploring this place.
 F = Levels seen in this place.
 G = Mean time per level.
                   A        B        C        D        E       F      G
               +--------+--------+--------+--------+--------+-----+--------+
         Total |   1210 |   1152 |     58 |    111 |    805 |   3 |  403.3 |
       Dungeon |   1210 |   1152 |     58 |    111 |    805 |   3 |  403.3 |
               +--------+--------+--------+--------+--------+-----+--------+

Top non-repeatable levels by time:
     D:2: 511 daAuts
     D:1: 493 daAuts
     D:3: 205 daAuts
